Map: Blood Boil LE

Players

Denver

  • Race: Zerg Zerg
  • Spawn Location: 11:00

MaSa - Winner!

  • Race: Terran Terran
  • Spawn Location: 5:00

Event: WCS Valencia 2017

VOD

Have the link to the VOD?

Description

Time

  • Played on: July 13, 2017, 1:55 p.m.
  • Length: 19:54

All games in this series

Show
View Real Time Build Order
Export as new Build Order

Denver Zerg 

Build Orders: Pool First, Muta Ling Bane 

Get SALT Encoding   

  12  0:00  Unknown, Drone  
  13  0:13  Overlord  
  13  0:18  Drone  
  14  0:32  Drone x2  
  16  0:36  Drone  
  16  0:37  Extractor  
  16  0:47  Drone  
  17  0:53  Spawning Pool  
  16  0:57  Drone  
  17  1:21  Hatchery  
  17  1:25  Drone  
  17  1:30  Drone  
  18  1:40  Metabolic Boost  
  18  1:48  Queen  
  18  1:53  Zergling x2  
  21  1:59  Overlord  
  21  2:03  Drone  
  22  2:19  Drone x2  
  24  2:24  Queen  
  26  2:31  Drone  
  29  2:37  Zergling x2  
  29  2:40  Zergling x2  
  29  2:55  Hatchery  
  29  2:57  Zergling x4  
  30  3:07  Queen  
  30  3:10  Zergling x2  
  33  3:13  Zergling x2  
  33  3:25  Extractor  
  32  3:28  Drone x2  
  32  3:29  Spine Crawler, Drone  
  34  3:43  Overlord  
  34  3:45  Lair  
  34  3:53  Overlord  
  34  3:58  Drone  
  34  4:01  Drone  
  36  4:12  Drone  
  37  4:24  Drone x5  
  38  4:25  Drone  
  43  4:46  Spire  
  43  4:48  Zergling x2  
  43  4:49  Zergling x6  
  46  4:53  Zergling x2  
  46  4:59  Extractor  
  45  5:01  Drone x3  
  45  5:05  Drone x2  
  50  5:12  Overlord  
  50  5:14  Drone  
  50  5:18  Overlord  
  49  5:38  Overlord  
  49  5:43  Drone x3  
  49  5:45  Drone x2  
  54  5:58  Mutalisk  
  54  5:59  Mutalisk x4  
  54  6:02  Mutalisk  
  54  6:03  Mutalisk  
  68  6:08  Drone  
  68  6:10  Mutalisk  
  71  6:17  Baneling Nest, Drone x2  
  72  6:20  Drone  
  72  6:21  Drone  
  65  6:46  Drone x3  
  65  6:47  Drone x2  
  70  6:49  Hatchery  
  70  6:53  Overlord  
  69  6:59  Drone x2  
  71  7:04  Overlord  
  71  7:07  Evolution Chamber  
  70  7:08  Evolution Chamber  
  70  7:10  Zergling x8  
  73  7:17  Drone  
  73  7:20  Centrifical Hooks  
  75  7:22  Zergling x2  
  75  7:23  Zergling x6  
  75  7:29  Mutalisk x2  
  82  7:32  Drone  
  82  7:33  Drone  
  84  7:39  Zerg Melee Weapons Level 1  
  84  7:41  Zerg Ground Armor Level 1  
  84  7:46  Zergling x6  
  84  7:49  Overlord  
  87  7:51  Drone  
  87  7:53  Overlord  
  88  8:01  Zergling x2  
  88  8:02  Zergling x8  
  88  8:05  Overlord  
  93  8:12  Zergling x4  
  95  8:13  Zergling x2  
  96  8:20  Zergling x2  
  96  8:25  Zergling x2  
  96  8:26  Zergling x14  
  99  8:32  Baneling x8  
  99  8:33  Baneling x8  
  99  8:37  Zergling x6  
  99  8:41  Overseer  
  102  8:48  Zergling x6  
  103  8:49  Baneling x3  
  89  9:06  Mutalisk  
  89  9:07  Drone  
  89  9:08  Drone x8  
  89  9:09  Overlord  
  98  9:17  Drone x2  
  98  9:20  Mutalisk  
  98  9:22  Overlord  
  98  9:23  Drone  
  103  9:26  Hatchery  
  103  9:28  Extractor x2  
  103  9:29  Drone  
  101  9:34  Zergling x4  
  103  9:41  Zergling x4  
  103  9:45  Zerg Ground Armor Level 2  
  103  9:49  Drone x8  
  103  9:51  Overlord  
  111  9:54  Queen  
  111  9:55  Overlord  
  111  9:59  Drone  
  114  10:00  Infestation Pit  
  114  10:01  Zergling x4  
  114  10:06  Zerg Flyer Weapons Level 1  
  115  10:09  Zergling x2  
  115  10:10  Zergling x4  
  115  10:13  Zerg Melee Weapons Level 2  
  118  10:20  Zergling x4  
  118  10:21  Zergling x14  
  127  10:25  Drone x2  
  127  10:26  Queen, Drone  
  127  10:27  Baneling  
  127  10:28  Baneling x7  
  132  10:35  Mutalisk  
  131  10:43  Extractor x2  
  131  10:44  Mutalisk  
  131  10:46  Zergling x2  
  131  10:47  Zergling x20  
  142  10:52  Overlord x3  
  142  10:55  Overlord  
  142  11:00  Overlord  
  142  11:01  Mutalisk  
  142  11:02  Overlord  
  144  11:04  Overseer  
  144  11:09  Overlord x2  
  144  11:13  Hive  
  144  11:15  Baneling x6  
  144  11:20  Mutalisk  
  144  11:23  Drone  
  144  11:24  Drone x2  
  149  11:26  Zergling x8  
  149  11:27  Zergling x2  
  149  11:28  Baneling  
  149  11:29  Baneling x3  
  154  11:34  Mutalisk x2  
  158  11:40  Zergling x2  
  158  11:41  Zergling x12  
  158  11:46  Mutalisk x2  
  169  11:47  Overlord  
  168  11:58  Baneling  
  168  11:59  Baneling x9  
  168  12:12  Mutalisk x2  
  168  12:14  Hatchery  
  171  12:20  Zergling x2  
  171  12:21  Zergling x6  
  171  12:22  Overlord x6  
  175  12:30  Overlord  
  175  12:32  Ultralisk Cavern  
  175  12:35  Zerg Ground Armor Level 3  
  170  12:50  Zerg Melee Weapons Level 3  
  167  12:59  Zergling x2  
  167  13:00  Zergling x34  
  183  13:07  Zergling x2  
  183  13:08  Zergling x12  
  187  13:15  Extractor  
  181  13:22  Zergling x2  
  181  13:23  Zergling x10  
  174  13:40  Chitinous Plating  
  165  13:42  Ultralisk x3  
  165  13:43  Overlord  
  177  13:49  Adrenal Glands  
  177  13:51  Zerg Flyer Weapons Level 2  
  167  13:56  Mutalisk x2  
  168  14:04  Zergling x16  
  168  14:07  Overseer  
  168  14:08  Queen  
  168  14:11  Mutalisk  
  168  14:12  Mutalisk  
  172  14:17  Baneling  
  172  14:18  Baneling x5  
  172  14:19  Baneling  
  172  14:24  Baneling  
  172  14:25  Baneling x3  
  172  14:28  Zergling x2  
  172  14:29  Zergling x16  
  177  14:45  Zergling x2  
  177  14:46  Zergling x28  
  188  14:53  Baneling x2  
  188  14:54  Baneling x11  
  188  14:59  Zergling x2  
  168  15:00  Zergling x8  
  123  15:15  Zergling x4  
  123  15:16  Zergling x26  
  123  15:20  Zergling x4  
  123  15:21  Zergling x4  
  115  15:26  Zergling x2  
  115  15:27  Zergling x8  
  119  15:34  Ultralisk  
  119  15:40  Ultralisk  
  120  15:47  Ultralisk  
  123  15:50  Queen  
  123  15:52  Baneling x8  
  123  15:53  Overseer  
  121  15:57  Infestor  
  121  15:58  Infestor  
  123  16:04  Baneling  
  118  16:13  Zergling x28  
  118  16:14  Zergling x4  
  118  16:18  Queen  
  128  16:21  Baneling x10  
  128  16:25  Baneling x3  
  128  16:27  Zergling x8  
  128  16:28  Zergling x2  
  128  16:32  Drone x4  
  137  16:40  Zergling x8  
  137  16:46  Ultralisk  
  144  16:48  Burrow  
  144  17:03  Ultralisk  
  144  17:06  Hatchery  
  149  17:12  Corruptor x2  
  153  17:17  Extractor  
  153  17:21  Zergling x4  
  153  17:22  Zergling x24  
  166  17:27  Queen  
  164  17:34  Corruptor x3  
  170  17:43  Spawning Pool  
  163  17:44  Corruptor  
  164  18:06  Corruptor x3  
  166  18:19  Corruptor  
  143  18:32  Zergling x2  
  143  18:33  Zergling x34  
  161  18:34  Queen  
  163  18:43  Hatchery  
  163  18:44  Ultralisk  
  163  18:46  Ultralisk  
  174  18:49  Zergling x2  
  174  18:50  Zergling x16  
  178  19:03  Ultralisk  
  178  19:05  Queen x2  
  180  19:11  Baneling x3, Zergling x2  
  180  19:12  Zergling x16  
  164  19:26  Zergling x2  
  164  19:27  Zergling x18  
Show
View Real Time Build Order
Export as new Build Order

MaSa Terran - Winner!

Build Orders: Bio Mine 

Get SALT Encoding   

  12  0:00  Unknown, SCV  
  13  0:13  SCV  
  14  0:17  Supply Depot  
  14  0:25  SCV  
  15  0:39  SCV, Barracks  
  16  0:45  Refinery  
  16  0:51  SCV  
  17  1:01  Barracks  
  17  1:05  SCV  
  18  1:17  SCV  
  19  1:28  Reaper  
  19  1:29  Orbital Command  
  20  1:39  Barracks  
  20  1:48  Supply Depot  
  20  1:50  Reaper  
  21  1:55  SCV  
  21  2:00  Refinery  
  22  2:05  Reaper  
  23  2:10  SCV  
  23  2:13  Bunker  
  24  2:22  SCV  
  25  2:23  Reaper  
  25  2:29  Supply Depot  
  26  2:34  Reaper  
  26  2:37  SCV  
  28  2:42  Reaper  
  29  2:49  SCV  
  29  2:50  Bunker  
  30  2:55  Reaper  
  31  3:01  SCV  
  32  3:13  SCV  
  33  3:22  Command Center  
  33  3:24  Reaper  
  33  3:27  Reaper  
  35  3:31  SCV  
  36  3:35  Reaper  
  37  3:43  SCV, Supply Depot  
  38  3:55  SCV  
  39  4:02  Barracks  
  39  4:03  Barracks  
  39  4:05  Reaper x2  
  39  4:06  Supply Depot  
  39  4:07  SCV  
  42  4:12  Reaper  
  42  4:19  SCV  
  42  4:22  Refinery  
  43  4:31  SCV  
  43  4:37  Orbital Command, Reaper x2  
  46  4:44  SCV  
  46  4:45  Reaper  
  48  4:52  Reaper x2  
  50  4:56  SCV  
  50  4:59  Engineering Bay  
  51  5:06  SCV  
  52  5:08  SCV, Engineering Bay  
  52  5:09  Reaper  
  52  5:14  Barracks Tech Lab  
  54  5:18  SCV  
  55  5:23  SCV  
  56  5:29  Command Center  
  56  5:30  SCV  
  56  5:34  Barracks Reactor x3  
  56  5:35  SCV  
  56  5:39  Stimpack  
  56  5:42  Barracks Reactor  
  56  5:44  SCV  
  57  5:50  SCV  
  57  5:55  Factory  
  57  5:56  SCV  
  59  5:58  Terran Infantry Weapons Level 1  
  59  6:01  Terran Infantry Armor Level 1  
  59  6:02  SCV  
  60  6:07  Marine  
  60  6:08  SCV  
  62  6:11  Marine x3  
  62  6:12  Marine  
  62  6:14  SCV  
  62  6:16  Supply Depot  
  67  6:20  SCV  
  67  6:25  Marine  
  69  6:26  SCV  
  69  6:31  Missile Turret  
  65  6:33  SCV, Marine x2, Missile Turret  
  65  6:38  Marine  
  65  6:39  Marine  
  58  6:40  Marine x3  
  58  6:45  Orbital Command, Missile Turret  
  61  6:49  Missile Turret  
  61  6:51  Starport  
  61  6:52  Factory Reactor  
  61  6:53  Missile Turret  
  61  6:54  SCV  
  61  6:56  SCV  
  61  7:00  Marine  
  61  7:01  Marine x2  
  66  7:05  Marine  
  66  7:06  Marine, SCV  
  69  7:11  SCV, Marine x2  
  69  7:13  SCV  
  73  7:18  SCV  
  73  7:23  SCV  
  73  7:24  Marine x3  
  73  7:26  SCV  
  73  7:28  Armory  
  77  7:30  SCV  
  77  7:31  Marine  
  77  7:36  Marine x3  
  82  7:38  Marine x2  
  82  7:40  Combat Shields  
  82  7:41  Missile Turret  
  82  7:42  Factory Tech Lab  
  83  7:50  SCV  
  84  7:52  Marine x3  
  84  7:53  SCV  
  84  7:56  Marine x5  
  93  8:03  Marine  
  93  8:04  Orbital Command  
  93  8:05  Missile Turret, Supply Depot x2  
  93  8:20  Supply Depot  
  93  8:23  Marine  
  93  8:26  Marine x2, Medivac x2  
  93  8:27  Thor, SCV x2, Marine  
  101  8:30  SCV  
  101  8:32  Refinery  
  109  8:36  Supply Depot  
  109  8:38  Supply Depot  
  109  8:40  Refinery  
  109  8:41  Marine x5  
  109  8:42  SCV x2  
  109  8:46  Terran Infantry Armor Level 2, Terran Infantry Weapons Level 2  
  109  8:47  SCV  
  117  8:52  Supply Depot  
  117  8:57  SCV x2  
  117  8:58  Orbital Command  
  117  9:00  Marine x5  
  117  9:01  Marine x4  
  74  9:14  SCV x2  
  76  9:18  Marine x5  
  81  9:26  SCV  
  81  9:27  Thor  
  81  9:28  Marine x2  
  81  9:30  SCV  
  91  9:31  SCV  
  91  9:38  SCV  
  93  9:39  Marine  
  93  9:40  Marine  
  93  9:42  Marine x2, SCV  
  98  9:46  Marine x3  
  98  9:50  Terran Vehicle And Ship Armor Level 1, SCV  
  98  9:51  Medivac  
  104  9:53  Medivac  
  104  9:55  SCV  
  104  9:58  Factory  
  108  10:00  SCV, Marine  
  108  10:01  Marine  
  108  10:04  Concussive Shells  
  108  10:06  Marauder, Marine  
  113  10:10  SCV  
  113  10:11  SCV  
  113  10:12  SCV  
  116  10:19  Marine x4  
  116  10:20  Supply Depot  
  120  10:21  Supply Depot  
  120  10:24  Marine x4  
  120  10:27  Marine, SCV x2  
  127  10:28  SCV  
  126  10:36  Marine  
  126  10:37  Marine x3  
  126  10:39  SCV  
  126  10:42  Marine x2  
  133  10:45  SCV x2, Supply Depot  
  133  10:46  Marauder  
  133  10:47  Factory Reactor, Supply Depot  
  133  10:49  Supply Depot  
  137  10:50  Supply Depot  
  137  10:54  Thor  
  143  10:57  Marine x4  
  143  11:03  SCV x2  
  149  11:07  Marauder, Terran Infantry Armor Level 3  
  151  11:11  Terran Infantry Weapons Level 3  
  151  11:13  Marine x2  
  153  11:25  Medivac x2  
  157  11:26  Marine x4  
  157  11:28  Marauder, Widow Mine x2  
  157  11:30  Drilling Claws  
  167  11:33  Supply Depot  
  167  11:36  Supply Depot  
  167  11:47  Command Center  
  167  11:48  Marine x2  
  167  11:49  Marine x5  
  167  11:50  Marauder  
  164  11:54  Thor  
  170  12:01  Marine  
  170  12:02  Widow Mine  
  170  12:04  Widow Mine  
  170  12:06  Marine  
  176  12:11  Marauder  
  176  12:15  Terran Vehicle And Ship Armor Level 2  
  176  12:20  Marine  
  176  12:21  Marine x6  
  183  12:24  Marine  
  184  12:31  Widow Mine  
  184  12:32  Marine, Widow Mine  
  184  12:34  Sensor Tower  
  189  12:38  Marine  
  189  12:39  Marine x4  
  194  12:47  Marine x2  
  194  12:48  Marine  
  186  12:52  Barracks  
  186  12:54  Barracks  
  186  12:55  Marauder  
  186  12:56  Marine x2  
  190  12:59  Widow Mine  
  190  13:01  Widow Mine  
  190  13:04  Thor  
  197  13:16  Marine x9  
  187  13:28  Widow Mine  
  187  13:29  Widow Mine  
  187  13:33  Marine  
  187  13:34  Planetary Fortress, Marine x7  
  189  13:36  Marine  
  189  13:39  Marine  
  187  13:51  Marine  
  187  13:54  Marine  
  187  13:55  Marauder, Marine x2  
  191  13:56  Marine  
  191  13:57  Widow Mine  
  191  13:58  Widow Mine  
  195  14:12  Marine, Missile Turret x2  
  195  14:13  Marine  
  195  14:15  Missile Turret  
  195  14:21  Barracks Tech Lab x2  
  195  14:22  Sensor Tower  
  195  14:38  Medivac  
  195  14:43  Marine  
  196  14:53  Marauder, Marine  
  196  14:54  Marauder x2, Marine x2, Medivac  
  196  14:55  Marine  
  196  14:59  SCV x4  
  182  15:02  Marine x4  
  186  15:08  Medivac  
  186  15:10  Widow Mine  
  186  15:11  SCV, Marine  
  186  15:12  Marine x2  
  154  15:14  Marine  
  154  15:15  Marauder x2  
  154  15:18  Marauder  
  128  15:23  Medivac  
  128  15:27  Marine x3  
  127  15:31  Marine x3  
  129  15:36  Marauder  
  129  15:40  Marine x3  
  130  15:47  Orbital Command  
  130  15:49  SCV x3  
  133  15:56  Marauder, Marine x4  
  139  16:01  SCV  
  139  16:04  Widow Mine x2  
  132  16:17  Marine x2, Terran Vehicle And Ship Armor Level 3  
  132  16:18  Marauder, Marine x4, Medivac  
  132  16:19  Medivac  
  132  16:21  Widow Mine  
  132  16:24  Marine  
  132  16:25  Marauder, Marine x2  
  144  16:26  Refinery  
  144  16:35  Marine x3  
  144  16:36  Marine x3  
  144  16:39  Marauder  
  152  16:42  Marine x2  
  152  16:43  Marauder  
  152  16:44  Liberator  
  152  16:46  Marauder  
  154  16:47  Widow Mine x2  
  154  16:52  SCV x2  
  154  16:53  Marine x4  
  162  16:55  Widow Mine  
  162  16:56  Marine  
  162  16:57  Marine  
  162  17:00  Marine x2  
  162  17:01  Marauder  
  170  17:03  Liberator  
  170  17:07  Refinery  
  170  17:08  Refinery  
  173  17:17  Command Center  
  173  17:21  Marine  
  173  17:22  Marauder  
  179  17:27  Liberator  
  179  17:35  Marine x3, Widow Mine  
  179  17:36  Marauder, Widow Mine x2  
  187  17:41  Marauder, Marine x3  
  184  17:56  Marauder, Marine x3  
  189  18:02  Marauder, Marine x4  
  194  18:07  Starport  
  194  18:08  Widow Mine  
  196  18:14  Command Center  
  196  18:22  Marine x4, Widow Mine  
  196  18:28  Marine x2  
  196  18:29  Marauder  
  200  18:44  Liberator x2  
  200  18:51  Marine  
  200  18:55  Command Center  
  193  19:01  Marine x3  
  193  19:02  Marauder  
  187  19:04  Marine x3  
  187  19:05  Marauder  
  187  19:07  Widow Mine x2  
  196  19:22  Marauder, Marine x5  
  191  19:36  Marine x2  
  189  19:42  Starport Reactor  
Tags
 
Add a new tag
Caveats
  • Supply blocks, unpowered buildings, or Contaminate may cause inaccurate times.
  • Supply counts are checked every 10 seconds.